[Event "Stay Safe Play From Home 396"]
[Site "Emanuel Lasker Arena"]
[Date "2020.08.19"]
[Round "3"]
[White "Andy416"]
[Black "Kongle"]
[Result "0-1"]
[WhiteElo "2069"]
[BlackElo "1730"]
[Annotator "NA"]
[PlyCount "78"]
[EventDate "2020.08.19"]
[EventType "swiss (blitz)"]
[TimeControl "300"]

1. e4 d5 2. exd5 Qxd5 3. Nc3 Qd6 4. d4 Nf6 5. Nf3 Bg4 6. Nb5 Qb6 7. c4 c6 8. c5 Qd8 9. Nc3 e6 10. Be2 Be7 11. O-O O-O 12. h3 Bh5 13. Bf4 Nbd7 14. a4 b6 15. b4 bxc5 16. bxc5 Qa5 17. Qd2 h6 18. Nd5 Qd8 19. Nxe7+ Qxe7 20. Bd6 Qd8 21. Bxf8 Nxf8 22. Rfb1 a5 23. Rb6 Nd5 24. Rb2 Nb4 25. Ne5 Bxe2 26. Qxe2 Qxd4 27. Rd1 Qxc5 28. Rbd2 Nd5 29. Nd3 Qa3 30. Ra2 Qb3 31. Nc5 Qb4 32. Nd3 Qc4 33. Rc2 Nc3 34. Qd2 Qxa4 35. Rxc3 Rd8 36. Qc1 Qd4 37. Rxc6 e5 38. Ne1 Qxd1 39. Qxd1 Rxd1 {[%emt 0:00:02] Andy416 resigns} 0-1